 Dungeon Crawl Stone Soup version 0.31.0-32-g396128a36d (webtiles) character file.

Game seed: 15751180946027097632

272321 Egg the Earth Mage (level 20, -5/145 HPs)
             Began as an Octopode Alchemist on Mar 19, 2024.
             Was an Initiate of Gozag.
             Killed from afar by a deep elf zephyrmancer (37 damage)
             ... with a bolt of lightning
             ... on level 1 of the Elven Halls.
             The game lasted 03:34:05 (45666 turns).

Egg the Earth Mage (Octopode Alchemist)            Turns: 45666, Time: 03:34:06

Health: -5/145     AC: 11    Str:  7    XL:     20   Next: 26%
Magic:  3/37       EV: 26    Int: 25    God:    Gozag
Gold:   5973       SH:  5    Dex: 39    Spells: 2/45 levels left

rFire   + . .        K - +8 longbow "Zephyr" {speed, Dex+3 SInv}
rCold   . . .        (shield currently unavailable)
rNeg    . . .        x - +2 hood of the Assassin {Detect Stab+ Stlth++}
rPois   .            k - amulet of reflection
rElec   .            L - +6 ring of dexterity
rCorr   +            l - ring of Eqonun {rC+ Will++ rCorr}
SInv    +            C - +4 ring of protection
Will    +++..        Y - +6 ring of dexterity
Stlth   +++++++      h - ring of the Mage {Wiz Archmagi}
HPRegen 0.44/turn    i - +6 ring of dexterity
MPRegen 0.25/turn    Q - ring "Tehic" {Fire Int+2}
                     T - +4 ring of protection

%: reflection, wizardry (x1), archmagi
@: gold aura, hasted, very quick
A: almost no armour, amphibious, 8 rings, camouflage 1, gelatinous body 1,
(nimble swimmer 1), tentacles, agile 1
}: 2/15 runes: decaying, gossamer
a: Renounce Religion, Potion Petition, Call Merchant, Bribe Branch


You were on level 1 of the Elven Halls.
You worshipped Gozag.
Gozag was greatly pleased with you.
You visited 7 branches of the dungeon, and saw 32 of its levels.
You visited 1 bazaar.
You also visited: Sewer, Bailey and Gauntlet.

You collected 14624 gold pieces.
You spent 5421 gold pieces at shops.
You paid 3230 gold pieces to Gozag.

Inventory:

Hand Weapons
 B - the +8 whip "Snakebite" {venom, curare, rPois}
   (You found it on level 3 of the Lair of Beasts)

   rPois:     It protects you from poison
 K - the +8 longbow "Zephyr" (weapon) {speed, Dex+3 SInv}
   (You bought it in a shop in a bazaar)

   Dex+3:     It affects your dexterity (+3).
   SInv:      It lets you see invisible.
Armour
 x - the +2 hood of the Assassin (worn) {Detect Stab+ Stlth++}
   (You acquired it in a bailey)

   Detect:    It allows the wearer to sense nearby creatures.
   Stab+:     It allows the wearer to make particularly effective stabbing
   attacks against helpless or unaware enemies with any weapon.
   Stlth++:   It makes you much more stealthy.
Jewellery
 h - the ring of the Mage (on tentacle) {Wiz Archmagi}
   (You took it off an orc knight on level 1 of the Orcish Mines)

   [ring of wizardry]

   Wiz:       It improves your spell success rate.
   Archmagi:  It increases the power of your magical spells.
 i - a +6 ring of dexterity (on tentacle)
 k - an amulet of reflection (around mantle)
 l - the ring of Eqonun (right tentacle) {rC+ Will++ rCorr}
   (You bought it in a shop on level 1 of the Lair of Beasts)

   [ring of resist corrosion]

   rC+:       It protects you from cold.
   Will++:    It greatly increases your willpower.
   rCorr:     It protects you from acid and corrosion.
 n - a ring of flight
 r - a ring of poison resistance
 w - a ring of protection from cold
 z - a ring of willpower
 C - a +4 ring of protection (on tentacle)
 F - an amulet of magic regeneration
 H - a ring of magical power
 I - a ring of willpower
 L - a +6 ring of dexterity (left tentacle)
 M - a ring of protection from fire
 N - a ring of protection from cold
 O - a ring of protection from fire
 Q - the ring "Tehic" (on tentacle) {Fire Int+2}
   (You bought it in a shop on level 12 of the Dungeon)

   [ring of fire]

   Fire:      It enhances your fire magic.
   Int+2:     It affects your intelligence (+2).
   rF+:       It protects you from fire.
   rC-:       It makes you vulnerable to cold.
 T - a +4 ring of protection (on tentacle)
 Y - a +6 ring of dexterity (on tentacle)
Wands
 A - a wand of mindburst (65)
 U - a wand of digging (6)
Scrolls
 c - 6 scrolls of revelation
 d - 3 scrolls of fear
 j - 11 scrolls of teleportation
 m - a scroll of torment
 v - 4 scrolls of vulnerability
 E - 3 scrolls of enchant weapon
 G - 3 scrolls of fog
 R - 3 scrolls of immolation
 S - 4 scrolls of enchant armour
 W - 2 scrolls of silence
 X - 6 scrolls of amnesia
Potions
 b - 17 potions of curing
 e - 4 potions of invisibility
 f - 2 potions of ambrosia
 g - 3 potions of might
 o - 7 potions of haste
 p - 4 potions of lignification
 q - 2 potions of resistance
 s - 14 potions of brilliance
 t - 6 potions of cancellation
 u - 6 potions of mutation
 y - a potion of berserk rage
 D - 4 potions of enlightenment
 J - 7 potions of attraction
 V - 3 potions of heal wounds
Miscellaneous
 a - a phial of floods
 P - a sack of spiders
 Z - a lightning rod (4/4)


   Skills:
 - Level 15.0 Fighting
 - Level 9.0 Ranged Weapons
 - Level 9.0 Dodging
 - Level 5.0 Stealth
 - Level 13.0 Spellcasting
 - Level 1.0 Conjurations
 - Level 10.0 Summonings
 - Level 5.0 Fire Magic
 - Level 9.0 Air Magic
 * Level 17.7 Earth Magic
 - Level 12.0 Alchemy
 - Level 10.0 Shapeshifting


You had 2 spell levels left.
You knew the following spells:

 Your Spells              Type           Power      Damage    Failure   Level
a - Ensorcelled Hibernat  Hex/Ice        48%        N/A       2%          2
b - Olgreb's Toxic Radia  Alch           85%        N/A       1%          4
c - Sticky Flame          Fire/Alch      93%        2d14      1%          4
d - Airstrike             Air            37%        2d(6-22)  1%          4
e - Summon Lightning Spi  Summ/Air       77%        N/A       1%          4
f - Summon Cactus Giant   Summ           39%        N/A       3%          6
g - Summon Forest         Summ/Tloc      29%        N/A       5%          5
h - Summon Mana Viper     Hex/Summ       58%        N/A       5%          5
i - Shatter               Erth           51%        3d39*     65%         9

Your spell library contained the following spells:

 Spells                   Type           Power      Damage    Failure   Level
 Slow                     Hex            96%        N/A       1%          1
 Sting                    Conj/Alch      100%       1d9       1%          1
 Mercury Vapours          Alch/Air       100%       N/A       1%          2
 Momentum Strike          Conj/Tloc      56%        3d9       1%          2
 Static Discharge         Conj/Air       100%       3-8/arc   1%          2
 Blink                    Tloc           48%        N/A       2%          2
 Lesser Beckoning         Tloc           48%        N/A       2%          2
 Passwall                 Erth           100%       N/A       0%          3
 Mephitic Cloud           Conj/Alch/Air  68%        N/A       1%          3
 Swiftness                Air            75%        N/A       1%          3
 Vhi's Electric Charge    Tloc/Air       100%       N/A       2%          4
 Dazzling Flash           Conj/Hex       56%        N/A       3%          3
 Confusing Touch          Hex            24%        N/A       4%          3
 Gell's Gravitas          Tloc           24%        N/A       4%          3
 Sigil of Binding         Hex            24%        N/A       4%          3
 Teleport Other           Tloc           24%        N/A       4%          3
 Vampiric Draining        Necr           24%        2d7       4%          3
 Arcjolt                  Conj/Air       29%        1d39      5%          5
 Silence                  Hex/Air        27%        N/A       6%          5
 Freezing Cloud           Conj/Ice/Air   24%        6-21      11%         5
 Curse of Agony           Necr           24%        N/A       36%         5
 Dispersal                Tloc           12%        N/A       89%         6
 Maxwell's Capacitive Co  Air            37%        ∞         90%         8
 Chain Lightning          Conj/Air       29%        3d38      100%        9
 Fire Storm               Conj/Fire      31%        8d8       100%        9


Dungeon Overview and Level Annotations

Branches:
Dungeon (15/15)            Temple (0/1) D:6            Lair (5/5) D:11
  Swamp (4/4) Lair:2       Spider (4/4) Lair:3        Slime (0/5) Lair:4
    Orc (2/2) D:10            Elf (1/3) Orc:2        Vaults (0/5) D:14
 Depths (1/4) D:15          Sewer (visited)          Bailey (visited)
Gauntlet (visited)

Altars:
Dithmenos
Fedhas
Gozag
Makhleb
Nemelex Xobeh
Okawaru
Qazlal
Sif Muna
Uskayaw
Wu Jian
Xom
The Shining One
Jiyva

Shops:
D:4 !   D:12 =   Orc:1 *   Orc:2 ***([?[   Lair:1 =

Annotations:
Elf:1 3 runed translucent doors, turdburglar's ghost, adept TrSh


Innate Abilities, Weirdness & Mutations

You cannot wear most types of armour.
You are amphibious.
You can wear up to eight rings at the same time.
Your skin changes colour to match your surroundings (Stealth+).
Your rubbery body absorbs attacks. (AC +1, EV +1)
((You are camouflaged when in or above water. (Stealth+)))
You have tentacles for arms and can constrict up to eight enemies at once.
You are agile. (Dex +4, Str/Int -1)


Message History

Aim: a deep elf zephyrmancer, wielding a +0 long sword (lightly wounded, poisoned, 74% to hit)
You shoot an arrow.
The arrow hits the deep elf zephyrmancer!
The deep elf zephyrmancer is heavily wounded.
Your toxic aura wanes.
The deep elf zephyrmancer is distracted by your dazzling golden aura.
A deep elf pyromancer opens the door.
An earth elemental comes into view.
Okay, then.
You feel yourself speed up.
The deep elf zephyrmancer is no longer distracted by gold.
The deep elf pyromancer casts a spell.
The deep elf pyromancer blinks!
You are too injured to fight recklessly!
Fire: K) +8 longbow "Zephyr" {speed, Dex+3 SInv}
Press: ? - help, Shift-Dir - straight line, f/p - deep elf zephyrmancer
Aim: a deep elf zephyrmancer, wielding a +0 long sword (heavily wounded, poisoned, 74% to hit)
You shoot an arrow.
The arrow closely misses the deep elf zephyrmancer.
The deep elf zephyrmancer casts a spell at you.
The bolt of lightning hits you!!
* * * LOW HITPOINT WARNING * * *
Fire: K) +8 longbow "Zephyr" {speed, Dex+3 SInv}
Press: ? - help, Shift-Dir - straight line, f/p - deep elf zephyrmancer
Aim: a deep elf zephyrmancer, wielding a +0 long sword (heavily wounded, poisoned, 74% to hit)
You shoot an arrow.
The arrow misses the deep elf zephyrmancer.
The arrow hits the deep elf pyromancer!
The deep elf pyromancer is moderately wounded.
Fire: K) +8 longbow "Zephyr" {speed, Dex+3 SInv}
Press: ? - help, Shift-Dir - straight line, f/p - deep elf zephyrmancer
Aim: a deep elf zephyrmancer, wielding a +0 long sword (heavily wounded, poisoned, 74% to hit)
You shoot an arrow.
The arrow hits the deep elf zephyrmancer!
The deep elf zephyrmancer is almost dead.
The deep elf zephyrmancer looks more healthy.
The deep elf zephyrmancer gestures at you while chanting.
The bolt of lightning hits you!!!
You die...
Your body crumbles into a pile of gold.

.# ###'####
##.E....#
##.......# .
#........#..
#...e.......
##..e.......
##.........
##@.......
#......#...
#...........
#...........
##..........
##.........
##.....#..
##+#####+


You could see an earth elemental, a deep elf pyromancer and a deep elf
zephyrmancer.

Vanquished Creatures
  Mlioglotl (Swamp:2)
  A thorn hunter (Swamp:4)
  Aizul (Swamp:2)
  The ghost of community the Warrior, a journeyman MiBe of Trog (Orc:1)
  2 emperor scorpions (Spider:4)
  5 ghost moths
  A ghoul (Swamp:3)
  An orc warlord (Bailey)
  4 broodmothers
  5 eleionomae
  2 bunyips
  A minotaur (Gauntlet)
  An ettin (Orc:2)
  2 entropy weavers
  A shambling mangrove (Swamp:4)
  9 hydras
  A jorogumo (Spider:4)
  A catoblepas (Lair:5)
  8 alligators
  A death knight (D:15)
  2 radroaches
  6 centaur warriors
  10 two-headed ogres
  A dancing weapon (Elf:1)
  3 death yaks
  6 boulder beetles
  2 demonic crawlers
  An occultist (Gauntlet)
  5 orc high priests
  A deep elf knight (Elf:1)
  7 swamp dragons
  3 goliath frogs
  A pharaoh ant (Spider:4)
  A death drake (Swamp:4)
  12 orb spiders
  2 sun moths
  An arcanist (Gauntlet)
  A bog body (Swamp:1)
  Pikel (D:6)
  3 deep elf archers (Elf:1)
  2 deep elf zephyrmancers (Elf:1)
  12 orc knights
  3 deep elf pyromancers
  3 steelbarb worms
  9 ugly things
  16 wolf spiders
  A cyclops (D:14)
  2 will-o-the-wisps
  4 orc sorcerers (Orc:2)
  5 manticores
  3 moths of wrath
  3 meliai
  5 black mambas
  6 elephants
  A kobold blastminer (Orc:2)
  A torpor snail (Spider:2)
  8 cane toads
  A molten gargoyle (D:14)
  3 gargoyles
  5 rime drakes
  A yaktaur (D:15)
  2 freezing wraiths (D:15)
  An efreet (D:14)
  8 komodo dragons
  5 trolls
  4 tyrant leeches
  21 tarantellas
  A wind drake (shapeshifter) (D:13)
  10 hornets
  4 nameless horrors
  6 blink frogs
  A centaur simulacrum (D:14)
  Sigmund (D:4)
  An air elemental (Elf:1)
  18 jumping spiders
  9 slime creatures
  20 culicivoras
  4 spriggans
  4 shadows
  A hog (Swamp:1)
  55 yaks
  2 vampires
  8 wraiths
  5 wargs (Orc:2)
  A steam dragon (D:7)
  3 basilisks
  7 humans
  A water elemental (Elf:1)
  2 two-headed ogre zombies (D:10)
  3 vampire mosquitoes
  Menkaure (D:6)
  32 redbacks
  12 swamp worms
  An acid dragon (D:8)
  10 water moccasins
  An acid dragon (shapeshifter) (D:14)
  43 orc warriors
  Pargi (Sewer)
  4 swamp drakes (Swamp:4)
  4 sky beasts
  5 black bears
  2 ice beasts (D:6)
  2 laughing skulls (D:13)
  11 ogres
  13 wolves
  14 centaurs
  3 phantoms
  2 kobold brigands
  3 lemures (D:6)
  A brain worm (Sewer)
  12 bullfrogs
  A gnoll sergeant (D:12)
  15 wights
  2 troll zombies (D:10)
  8 killer bees
  11 howler monkeys
  5 electric eels
  2 lava snakes (D:14)
  4 crimson imps (D:8)
  A jelly (D:6)
  A bombardier beetle (D:4)
  6 hounds
  34 orc priests
  A gnoll bouda (D:7)
  20 orc wizards
  5 iguanas
  4 ogre zombies (D:10)
  A boggart simulacrum (D:15)
  10 gnolls
  9 adders
  2 shadow imps (D:7)
  10 white imps
  2 ufetubi (D:5)
  3 ribbon worms
  4 dart slugs
  98 orcs
  17 ball pythons
  5 bats
  4 endoplasms
  4 giant cockroaches
  15 goblins
  14 hobgoblins
  2 quokkas (D:4)
  6 frilled lizards
  A gnoll skeleton (D:10)
  A gnoll zombie (D:10)
  22 kobolds
  4 orc skeletons (D:10)
  19 orc zombies (D:10)
  7 rats
977 creatures vanquished.

Vanquished Creatures (collateral kills)
  A tentacled monstrosity (Swamp:4)
  Jorgrun (Swamp:1)
  Frances (Swamp:2)
  2 thorn hunters (Swamp:3)
  Kirke (Swamp:1)
  The ghost of Zachydoop the Severer, a journeyman DsGl of Ru (Swamp:1)
  5 emperor scorpions
  2 ghost moths (Spider:4)
  A ghoul (Swamp:3)
  An orc warlord (Orc:2)
  The ghost of Seimis the Severer, a journeyman FoFi of Makhleb (Lair:1)
  A broodmother (Spider:4)
  A deep elf annihilator (Elf:1)
  7 bunyips
  2 eleionomae
  An ettin (D:14)
  12 hydras
  A shambling mangrove (Swamp:2)
  An entropy weaver (Spider:1)
  2 ghost crabs (Swamp:4)
  3 catoblepae
  3 radroaches
  2 jorogumos (Spider:4)
  7 alligators
  A boulder beetle (Spider:4)
  7 death yaks
  An orc high priest (Orc:2)
  A deep troll earth mage (D:15)
  2 demonic crawlers
  A shadow wraith (D:14)
  A deep elf knight (Elf:1)
  6 pharaoh ants
  A skyshark (Lair:3)
  5 spriggan druids
  A goliath frog (Swamp:1)
  An orb spider (Spider:3)
  3 bog bodies
  4 swamp dragons (Swamp:4)
  A sun moth (Spider:4)
  A lindwurm (D:14)
  5 orc knights
  10 wolf spiders
  8 ugly things
  2 deep elf pyromancers
  An orc sorcerer (Orc:2)
  A manticore (D:14)
  A will-o-the-wisp (Swamp:2)
  3 cyclopes
  A meliai (Spider:4)
  A moth of wrath (Spider:3)
  3 black mambas
  6 elephants
  3 cane toads
  2 torpor snails
  A gargoyle (D:11)
  4 komodo dragons
  A freezing wraith (D:15)
  An efreet (D:15)
  3 tyrant leeches
  3 nameless horrors
  4 hornets
  2 blink frogs
  5 tarantellas
  A raiju (shapeshifter) (D:15)
  A centaur simulacrum (D:14)
  2 culicivoras
  2 jumping spiders (Spider:4)
  6 spriggans
  24 yaks
  A hog (Swamp:1)
  5 vampire mosquitoes
  A warg (Orc:1)
  11 redbacks
  6 swamp worms
  3 water moccasins
  A black bear (Lair:2)
  4 swamp drakes (Swamp:4)
  6 orc warriors
  A centaur (D:13)
  A bullfrog (Lair:2)
  2 necrophages (Swamp:3)
  An orc priest (Orc:2)
  2 shadow imps (Gauntlet)
  2 white imps (Gauntlet)
  2 orcs
  A spectral weapon (Swamp:1)
254 creatures vanquished.

Vanquished Creatures (others)
  A hydra (D:14)
  A bloated husk (Swamp:2)
  An orc wizard (D:7)
  14 foxfires
  15 snaplasher vines
32 creatures vanquished.

Grand Total: 1263 creatures vanquished

Notes
Turn   | Place    | Note
-------+----------+-------------------------------------------
     0 | D:1      | Egg the Octopode Alchemist began the quest for the Orb.
     0 | D:1      | Reached XP level 1. HP: 11/11 MP: 3/3
   148 | D:1      | Reached XP level 2. HP: 17/17 MP: 5/5
   170 | D:1      | Found a faded altar of an unknown god.
   450 | D:1      | Reached XP level 3. HP: 21/21 MP: 6/6
  1053 | D:2      | Reached skill level 5 in Alchemy
  1124 | D:2      | Found a burning altar of Makhleb.
  1189 | D:2      | Reached XP level 4. HP: 27/27 MP: 7/7
  1209 | D:2      | Learned a level 4 spell: Olgreb's Toxic Radiance
  1961 | D:3      | Found a burning altar of Makhleb.
  2152 | D:3      | Found an iron altar of Okawaru.
  2337 | D:4      | Noticed Sigmund
  2342 | D:4      | Reached XP level 5. HP: 31/31 MP: 3/8
  2346 | D:4      | Killed Sigmund
  2347 | D:4      | Reached XP level 6. HP: 36/36 MP: 4/9
  2667 | D:4      | Found Vasoudeu's Distillery.
  2675 | D:4      | Bought a potion of heal wounds for 55 gold pieces
  2675 | D:4      | Bought a potion of curing for 33 gold pieces
  2768 | D:4      | Reached XP level 7. HP: 41/41 MP: 5/10
  2918 | D:4      | Found a shimmering blue altar of Sif Muna.
  2979 | D:4      | Found a sparkling altar of Nemelex Xobeh.
  2979 | D:4      | Found an opulent altar of Gozag.
  2985 | D:4      | Became a worshipper of Gozag Ym Sagoz the Greedy
  3632 | D:5      | Entered Level 5 of the Dungeon
  3802 | D:5      | Reached skill level 1 in Fire Magic
  3813 | D:5      | Learned a level 4 spell: Sticky Flame
  3840 | D:5      | Found a glowing drain.
  3864 | Sewer    | Entered a sewer
  3980 | Sewer    | Noticed Pargi
  4235 | Sewer    | Killed Pargi
  4434 | D:5      | Reached XP level 8. HP: 34/46 MP: 3/11
  4695 | D:5      | Reached skill level 5 in Fire Magic
  4695 | D:5      | Reached skill level 1 in Fighting
  4874 | D:5      | Found a shimmering altar of Xom.
  4874 | D:5      | Found a blossoming altar of Fedhas.
  5505 | D:6      | Noticed Pikel
  5517 | D:6      | Killed Pikel
  5518 | D:6      | Reached skill level 5 in Fighting
  5518 | D:6      | Reached XP level 9. HP: 32/61 MP: 0/15
  5643 | D:6      | Noticed Menkaure
  5646 | D:6      | Killed Menkaure
  5680 | D:6      | Reached skill level 5 in Spellcasting
  6118 | D:6      | Reached skill level 10 in Alchemy
  6168 | D:6      | Found a staircase to the Ecumenical Temple.
  6837 | D:7      | Found a flagged portal.
  6850 | Bailey   | Entered a bailey
  6856 | Bailey   | Noticed an orc warlord
  6957 | Bailey   | Found a runed translucent gate.
  6966 | Bailey   | Found a runed translucent gate.
  6984 | Bailey   | Found a runed translucent gate.
  7174 | Bailey   | Killed an orc warlord
  7175 | Bailey   | Reached XP level 10. HP: 69/69 MP: 2/17
  7242 | Bailey   | Acquired 977 gold pieces
  7247 | Bailey   | Acquired the +2 hood of the Assassin {Detect Stab+ Stlth++}
  7247 | Bailey   | Found the +2 hood of the Assassin {Detect Stab+ Stlth++}
  7421 | D:7      | Found a stormy altar of Qazlal.
  8830 | D:8      | Learned a level 4 spell: Airstrike
  8873 | D:8      | Reached skill level 1 in Air Magic
  9016 | D:8      | Found a glowing golden altar of the Shining One.
  9023 | D:8      | Found a hide-covered altar of Uskayaw.
  9081 | D:8      | Identified the +6 whip "Leviticus" {heavy, rC+}
  9114 | D:8      | Found an ornate altar of the Wu Jian Council.
  9161 | D:8      | Reached XP level 11. HP: 75/80 MP: 18/18
  9263 | D:8      | Reached skill level 5 in Air Magic
  9808 | D:9      | Noticed a deep elf pyromancer
  9818 | D:9      | Killed a deep elf pyromancer
 10635 | D:10     | Entered Level 10 of the Dungeon
 10706 | D:10     | HP: 4/80 [cloud of flame (25)]
 11005 | D:10     | Found a staircase to the Orcish Mines.
 11403 | D:10     | Learned a level 4 spell: Summon Lightning Spire
 11455 | D:10     | Noticed a two-headed ogre
 11465 | D:10     | Killed a two-headed ogre
 11466 | D:10     | Reached skill level 5 in Stealth
 11466 | D:10     | Reached skill level 1 in Summonings
 11558 | D:10     | Found a stormy altar of Qazlal.
 11609 | D:10     | Found a shadowy altar of Dithmenos.
 11998 | D:11     | Noticed a boulder beetle
 12019 | D:11     | Killed a boulder beetle
 12035 | D:11     | Found a shimmering altar of Xom.
 12035 | D:11     | Found a shimmering altar of Xom.
 12036 | D:11     | Found a shimmering altar of Xom.
 12036 | D:11     | Found a shimmering altar of Xom.
 12036 | D:11     | Found a shimmering altar of Xom.
 12064 | D:11     | Found a flickering gateway to a bazaar.
 12073 | D:11     | Reached skill level 5 in Summonings
 12073 | D:11     | Reached XP level 12. HP: 84/85 MP: 19/19
 12082 | Bazaar   | Entered a bazaar
 12082 | Bazaar   | Found Guon's Jewellery Shoppe.
 12082 | Bazaar   | Found Diorifor's Jewellery Emporium.
 12082 | Bazaar   | Found Edas's Assorted Antiques.
 12082 | Bazaar   | Found Gaunes's Weapon Shoppe.
 12104 | Bazaar   | Bought a scroll labelled CIXODDY DEG for 14 gold pieces
 12104 | Bazaar   | Bought a cyan potion for 12 gold pieces
 12104 | Bazaar   | Bought a scroll of revelation for 105 gold pieces
 12110 | Bazaar   | Bought the +8 longbow "Zephyr" {speed, Dex+3 SInv} for 1078
                  | gold pieces
 12110 | Bazaar   | Found the +8 longbow "Zephyr" {speed, Dex+3 SInv}
 12120 | Bazaar   | Bought a +6 ring of dexterity for 684 gold pieces
 12134 | Bazaar   | Bought a ring of protection from fire for 325 gold pieces
 12134 | Bazaar   | Bought a ring of protection from cold for 325 gold pieces
 12158 | Bazaar   | Bought a ring of protection from fire for 475 gold pieces
 12690 | D:11     | Reached XP level 13. HP: 90/90 MP: 20/20
 12871 | D:11     | Found a staircase to the Lair.
 13353 | D:12     | You fall into a shaft and drop 2 floors!
 13628 | D:12     | Found Jirurghi's Jewellery Shop.
 13644 | D:12     | Bought the ring "Tehic" {Fire Int+2} for 470 gold pieces
 14567 | D:13     | Noticed a fire dragon
 14636 | D:13     | Reached skill level 5 in Dodging
 15417 | Orc:1    | Entered Level 1 of the Orcish Mines
 15773 | Orc:1    | Found a runed translucent gate.
 15774 | Orc:1    | Found a runed translucent gate.
 15774 | Orc:1    | Found a runed translucent gate.
 15777 | Orc:1    | Noticed community's ghost (journeyman MiBe)
 15801 | Orc:1    | Identified the +6 shortbow of Equfidd Uvae {elec, rPois rF+
                  | Dex+2 Stlth+}
 15803 | Orc:1    | Identified the +2 chain mail "Ilial" {Int+5 Dex-2}
 16020 | Orc:2    | Entered Level 2 of the Orcish Mines
 16663 | Orc:2    | Reached XP level 14. HP: 97/97 MP: 21/21
 17872 | Orc:2    | Found Kifaegiq's Armour Shop.
 17913 | Orc:2    | Found Nemosoc's Magic Scroll Boutique.
 17927 | Orc:2    | Bought a scroll of enchant armour for 127 gold pieces
 19041 | Orc:2    | Found a staircase to the Elven Halls.
 19132 | Orc:2    | Noticed an orc warlord
 19248 | Orc:2    | Killed an orc warlord
 19421 | Orc:2    | Found Gaewnu's Weapon Boutique.
 19551 | Orc:2    | Found Heshruec's Armour Emporium.
 19910 | Orc:2    | Reached skill level 10 in Spellcasting
 20017 | Orc:2    | Learned a level 6 spell: Summon Cactus Giant
 20078 | Orc:1    | Found Huinaoro's Assorted Antiques.
 20087 | Orc:1    | Bought a glowing brass ring for 155 gold pieces
 20093 | Orc:1    | Bought a potion of curing for 93 gold pieces
 20093 | Orc:1    | Bought a potion of brilliance for 124 gold pieces
 20093 | Orc:1    | Bought a potion of mutation for 248 gold pieces
 20648 | Orc:1    | Killed community's ghost
 20870 | Orc:1    | Identified the +0 cloak "Ducux" {rF+ Dex-2 Slay+3}
 21154 | Lair:1   | Entered Level 1 of the Lair of Beasts
 21170 | Lair:1   | Reached XP level 15. HP: 100/101 MP: 20/30
 21173 | Lair:1   | Found a transporter.
 21181 | Lair:1   | Noticed Seimis's ghost (journeyman FoFi)
 21185 | Lair:1   | Found a transporter.
 21205 | Lair:1   | Found a gate leading to a gauntlet.
 21249 | Lair:1   | Bought the ring of Eqonun {rC+ Will++ rCorr} for 672 gold
                  | pieces
 21256 | Gauntlet | Entered a Gauntlet
 21256 | Gauntlet | Found a transporter.
 21259 | Gauntlet | Found a runed translucent door.
 21260 | Gauntlet | Found a transporter.
 21261 | Gauntlet | Found a transporter.
 21261 | Gauntlet | Found a runed translucent door.
 21266 | Gauntlet | Found a transporter.
 21269 | Gauntlet | Found a transporter.
 21269 | Gauntlet | Found a transporter.
 21287 | Gauntlet | Found a transporter.
 21294 | Gauntlet | Found a transporter.
 21334 | Gauntlet | Found a transporter.
 21354 | Gauntlet | Found a transporter.
 21358 | Gauntlet | Found a transporter.
 21367 | Gauntlet | Found a transporter.
 21671 | Gauntlet | Reached XP level 16. HP: 108/108 MP: 30/32
 22422 | Lair:1   | Killed Seimis's ghost
 22584 | Lair:1   | Reached skill level 10 in Fighting
 23046 | Lair:1   | Learned a level 5 spell: Summon Forest
 23052 | Lair:1   | Learned a level 5 spell: Summon Mana Viper
 24112 | Lair:2   | Identified the +0 flail of the Baleful God {drain, rElec
                  | rF++ Will+}
 24513 | Lair:2   | Found a staircase to the Swamp.
 25256 | Lair:3   | Found the +8 whip "Snakebite" {venom, curare, rPois}
 25677 | Lair:3   | Found a hole to the Spider Nest.
 26304 | Lair:4   | Found a staircase to the Slime Pits.
 26304 | Lair:4   | Found a viscous altar of Jiyva.
 26875 | Lair:5   | Entered Level 5 of the Lair of Beasts
 27504 | Lair:5   | Reached XP level 17. HP: 117/125 MP: 7/34
 27721 | Lair:5   | Reached skill level 10 in Summonings
 27830 | Lair:5   | Reached skill level 1 in Shapeshifting
 29057 | D:14     | Found a gate to the Vaults.
 29343 | D:14     | Reached skill level 5 in Shapeshifting
 29886 | D:15     | Entered Level 15 of the Dungeon
 30899 | D:15     | Found a staircase to the Depths.
 31239 | Spider:1 | Entered Level 1 of the Spider Nest
 32351 | Spider:1 | Reached skill level 10 in Shapeshifting
 33459 | Spider:2 | Reached XP level 18. HP: 116/133 MP: 18/35
 33668 | Spider:2 | Reached skill level 15 in Fighting
 33674 | Spider:2 | Reached skill level 1 in Earth Magic
 33681 | Spider:2 | Reached skill level 2 in Earth Magic
 33897 | Spider:2 | Reached skill level 3 in Earth Magic
 34160 | Spider:2 | Reached skill level 4 in Earth Magic
 34798 | Spider:3 | Reached skill level 5 in Earth Magic
 35252 | Spider:3 | Identified the +0 chain mail of Impermeability {rN+}
 35319 | Spider:3 | Reached skill level 6 in Earth Magic
 36120 | Spider:3 | Reached skill level 7 in Earth Magic
 36348 | Spider:4 | Entered Level 4 of the Spider Nest
 36365 | Spider:4 | Reached skill level 8 in Earth Magic
 37100 | Spider:4 | Reached skill level 9 in Earth Magic
 37634 | Spider:4 | Reached skill level 10 in Earth Magic
 37959 | Spider:4 | Reached skill level 11 in Earth Magic
 38981 | Spider:4 | Got a gossamer rune of Zot
 38988 | Spider:4 | Identified the +1 pair of gloves "Aptivaot" {Regen+ SInv
                  | Stlth+}
 39584 | Depths:1 | Entered Level 1 of the Depths
 39808 | Swamp:1  | Entered Level 1 of the Swamp
 39808 | Swamp:1  | Noticed Jorgrun
 39821 | Swamp:1  | Killed Jorgrun
 39822 | Swamp:1  | Reached skill level 12 in Earth Magic
 39822 | Swamp:1  | Reached XP level 19. HP: 62/139 MP: 5/36
 39914 | Swamp:1  | Noticed Kirke
 39925 | Swamp:1  | Killed Kirke
 39933 | Swamp:2  | Noticed Mlioglotl
 39937 | Swamp:2  | Identified the serpent talisman "Giamulax" {rF+ Str+4}
 39937 | Swamp:2  | Noticed Aizul
 40062 | Swamp:2  | Killed Aizul
 40303 | Swamp:2  | Noticed Frances
 40311 | Swamp:2  | Reached skill level 13 in Earth Magic
 40317 | Swamp:2  | Killed Frances
 40764 | Swamp:2  | Killed Mlioglotl
 41788 | Swamp:1  | Learned a level 2 spell: Ensorcelled Hibernation
 42010 | Swamp:1  | Found a large runed translucent door.
 42010 | Swamp:1  | Found a large runed translucent door.
 42014 | Swamp:1  | Noticed Zachydoop's ghost (journeyman DsGl)
 42089 | Swamp:1  | Killed Zachydoop's ghost
 42090 | Swamp:1  | Reached skill level 14 in Earth Magic
 42811 | Swamp:3  | Reached skill level 15 in Earth Magic
 42935 | Swamp:3  | Identified the +7 trident of Cobwebs {protect, Str+3}
 43656 | Swamp:4  | Entered Level 4 of the Swamp
 43875 | Swamp:4  | Reached skill level 16 in Earth Magic
 44167 | Swamp:4  | Reached XP level 20. HP: 125/145 MP: 34/37
 44177 | Swamp:4  | Learned a level 9 spell: Shatter
 44275 | Swamp:4  | Reached skill level 17 in Earth Magic
 44853 | Swamp:4  | Got a decaying rune of Zot
 45433 | Orc:2    | Gained mutation: You are covered in fur. (AC +1) [potion of
                  | mutation]
 45433 | Orc:2    | Gained mutation: One of your tentacles bears a spike.
                  | [potion of mutation]
 45433 | Orc:2    | Gained mutation: You expend magic power (3 MP) to
                  | strengthen your wands. [potion of mutation]
 45436 | Orc:2    | Lost mutation: One of your tentacles bears a spike. [potion
                  | of mutation]
 45436 | Orc:2    | Lost mutation: You are covered in fur. (AC +1) [potion of
                  | mutation]
 45436 | Orc:2    | Lost mutation: You expend magic power (3 MP) to strengthen
                  | your wands. [potion of mutation]
 45436 | Orc:2    | Gained mutation: You are agile. (Dex +4, Str/Int -1)
                  | [potion of mutation]
 45443 | Orc:2    | Bought a scroll of revelation for 97 gold pieces
 45443 | Orc:2    | Bought 2 potions of brilliance for 104 gold pieces
 45445 | Orc:2    | Bought a potion of enlightenment for 75 gold pieces
 45445 | Orc:2    | Bought a potion of resistance for 150 gold pieces
 45447 | Elf:1    | Entered Level 1 of the Elven Halls
 45447 | Elf:1    | Found a runed translucent gate.
 45451 | Elf:1    | Paralysed by an air elemental for 1 turns
 45454 | Elf:1    | Found a runed translucent gate.
 45456 | Elf:1    | Found a runed translucent gate.
 45458 | Elf:1    | Noticed turdburglar's ghost (adept TrSh)
 45466 | Elf:1    | Found a viscous altar of Jiyva.
 45666 | Elf:1    | Killed from afar by a deep elf zephyrmancer

Illustrated notes

Levels and vault maps discovered:
D:1:      nzn_arrival_water_spiral, layout_loops_cross,
          hellmonk_ecumenical_altar_blasted
D:2:      cheibrodos_greedy_goblins, layout_loops_corners, basic_altar
D:3:      layout_rooms, old_standard_altar, okawaru_altar_gauntlet_db,
          st_stairs_10, corexii_leaking_fountain, chequers_arboretum, hex_medium
D:4:      minmay_chambers_of_twos, layout_loops_corners,
          grunt_temple_overflow_opulence, nicolae_sif_muna_condensation,
          serial_shops, nicolae_shop_tiny_statue_garden, uniq_sigmund
D:5:      nicolae_cairo_tiling_large, layout_loops_cross,
          gammafunk_temple_overflow_elements, cheibrodos_sewer_entry_drain
D:6:      layout_loops_ring, minmay_temple_entry_mist, uniq_menkaure, uniq_pikel
D:7:      layout_loops_corners, nicolae_qazlal_beasts_of_the_sky, enter_bailey_3
D:8:      layout_loops_ring, nzn_wu_jian_council_hall,
          mainiacjoe_overflow_big_doors, minmay_fire_ice_demons
D:9:      layout_roguey, minmay_misc_feat_plants
D:10:     layout_stronghold, zombieorc2_lemuel, hangedman_feature_mirror,
          minmay_misc_feat_enclosed
D:11:     layout_irregular_city, grunt_lair_entry_orc_guard_hut, serial_shops,
          bzr_entry_customers, grunt_livestock, xom_shifter_show
D:12:     layout_irregular_city, serial_shops, shop, serial_column_ruins,
          column_ruins_circle_small, column_ruins_corridor_straight,
          column_ruins_open_tiny, column_ruins_open_small,
          column_ruins_corridor_straight, column_ruins_grid_1
D:13:     layout_irregular_city, minivault_12
D:14:     layout_loops_corners, david_vaults_4, kennysheep_cross_bottleneck
D:15:     hellmonk_depths_entry_around_the_bend, layout_long_grid
Lair:1:   layout_cave_pods, gauntlet_entry_generic, gammafunk_ghost_arena,
          lemuel_fruit_tree
Lair:2:   layout_regular_city, nicolae_swamp_entry_splash_gauntlet
Lair:3:   minmay_guarded_unrand_snakebite, layout_gridlike,
          spider_nest_entry_web_field, grunt_megastairs_4
Lair:4:   layout_regular_city, slime_entry_1, columned_hall_lemuel,
          infiniplex_staircase_pool
Lair:5:   evilmike_catoblepas_cave, layout_misc_corridors, grunt_megastairs_5
Swamp:1:  layout_falls_marsh, ebering_ghost_disaster_area,
          nicolae_swamp_dense_foliage, uniq_jorgrun, uniq_kirke
Swamp:2:  layout_falls_marsh, serial_swamp_ruin, evilmike_swamp_ruin_house_1,
          evilmike_swamp_ruin_rubble_1, uniq_mlioglotl, uniq_frances, uniq_aizul
Swamp:3:  layout_falls_marsh, evilmike_swamp_ruin_rubble_2, swamp_pool_1_2,
          nicolae_swamp_no_escape
Swamp:4:  swamp, layout_basic_swamp, nicolae_swamp_tree_isthmus,
          infiniplex_staircase_pool_2
Spider:1: layout_cave_pods
Spider:2: layout_cave_pods, hangedman_spider_tarantella_strand
Spider:3: layout_spider_delve
Spider:4: grunt_spider_rune_parallel, drop_trap
Orc:1:    layout_caves, serial_shops, shop, basic_altar,
          biasface_ghost_orc_armoury
Orc:2:    pubby_orc_utopia
Elf:1:    layout_gridlike, gammafunk_ghost_ooze, serial_shops,
          nicolae_shop_statue_plus, nicolae_elf_shapeshifter_party,
          nicolae_wwwww, drop_trap, minmay_shop_grove
Depths:1: layout_cave_pools, nicolae_abyss_entry_one_way_or_another,
          nicolae_hell_entry_hellmouth_sunbeams, nicolae_trove_entry_isolated,
          chequers_serial_rivers_micro_c, kennysheep_generic_room_13

Skill      XL: |  1  2  3  4  5  6  7  8  9 10 11 12 13 14 15 16 17 18 19 20 |
---------------+-------------------------------------------------------------+-----
Alchemy        | 4 5 6 7 8 9 12 | 12.0
Fire Magic     | 4 5 |  5.0
Fighting       | 5 6 9 14 15 | 15.0
Spellcasting   | 4 5 11 12 13 | 13.0
Air Magic      | 4 9 |  9.0
Stealth        | 5 |  5.0
Summonings     | 5 7 9 10 | 10.0
Ranged Weapons | 8 9 |  9.0
Dodging        | 7 9 |  9.0
Shapeshifting  | 10 | 10.0
Earth Magic    | 12 16 17 | 17.7
Conjurations   | |  1.0

Action                     |  1- 3 |  4- 6 |  7- 9 | 10-12 | 13-15 | 16-18 | 19-21 || total
---------------------------+-------+-------+-------+-------+-------+-------+-------++-------
  Melee: Short sword       |    63 |    33 |       |       |       |       |       ||    96
         Unarmed           |     8 |       |       |       |       |       |       ||     8
         Tentacles         |    11 |    14 |    38 |    24 |       |     3 |       ||    90
         Constrict         |    14 |    17 |    28 |    27 |       |     2 |       ||    88
         Punch             |     1 |     1 |       |     1 |       |     1 |       ||     4
         Dagger            |       |    22 |   131 |       |       |       |       ||   153
         Halberd           |       |       |    23 |   129 |       |       |       ||   152
         Longbow           |       |       |       |       |       |     4 |       ||     4
   Fire: Longbow           |       |       |       |    21 |   323 |   627 |   280 ||  1251
   Cast: Sting             |    10 |     1 |     1 |       |       |     3 |     9 ||    24
         Olgreb's Toxic Ra |       |     8 |    60 |    72 |   159 |   240 |    47 ||   586
         Sticky Flame      |       |       |    14 |    10 |    13 |    11 |       ||    48
         Airstrike         |       |       |       |     6 |    29 |     7 |    14 ||    56
         Summon Lightning  |       |       |       |     6 |    46 |    42 |    12 ||   106
         Summon Cactus Gia |       |       |       |       |     8 |    80 |    64 ||   152
         Summon Mana Viper |       |       |       |       |       |    39 |     8 ||    47
         Summon Forest     |       |       |       |       |       |    23 |    23 ||    46
 Invoke: Call Merchant     |       |       |       |       |     1 |       |     3 ||     4
         Potion Petition   |       |       |       |       |       |       |     1 ||     1
  Evoke: Wand              |       |       |       |       |     1 |       |       ||     1
    Use: Scroll            |       |     5 |    11 |    11 |     7 |     7 |    12 ||    53
         Potion            |       |       |     3 |     3 |     2 |     2 |    11 ||    21
   Stab: Sleeping          |     9 |     4 |    10 |     9 |       |       |       ||    32
 Armour: Skin              |    30 |    15 |    83 |    83 |    72 |   150 |   129 ||   562
  Dodge: Dodged            |    39 |    28 |    84 |    73 |    95 |   292 |   179 ||   790
  Block: Other             |     1 |     9 |    31 |    28 |    31 |    82 |    28 ||   210
         Reflection        |       |       |       |     1 |    10 |     3 |     2 ||    16
